 Dungeon Crawl Stone Soup version 0.20.0-15-g7f486f2 (webtiles) character file.

23 renl the Scratcher (level 2, 0/12 HPs)
             Began as a Felid Transmuter on July 7, 2017.
             Slain by a worm (12 damage)
             ... on level 2 of the Dungeon.
             The game lasted 00:02:25 (942 turns).

renl the Scratcher (Felid Transmuter)                Turns: 942, Time: 00:02:26

Health: 0/12       AC:  1    Str:  6    XL:     2   Next: 72%
Magic:  5/6        EV: 18    Int: 14    God:
Gold:   54         SH:  0    Dex: 16    Spells: 2/5 levels left
                                        Lives:  0   Deaths: 0

rFire    . . .     SeeInvis +     - Unarmed
rCold    . . .     Gourm    .   (shield unavailable)
rNeg     . . .     Faith    .   (armour unavailable)
rPois    .         Spirit   .   (helmet unavailable)
rElec    .         Reflect  .   (cloak unavailable)
rCorr    .         Harm     .   (gloves unavailable)
MR       .....                  (boots unavailable)
Stlth    ++........             (no amulet)
Regen    0.1/turn               (no ring)
MPRegen  0.1/turn               (no ring)

@: appendage, quick
A: no armour, no weapons or thrown items, stealth, claws 1, fangs 3, horns 2,
see invisible, carnivore 3, speed 1, shaggy fur 1, slow metabolism 1, sharp paws
a: End Transformation


You were on level 2 of the Dungeon.
You were completely stuffed.
You had grown temporary horns.
You visited 1 branch of the dungeon, and saw 2 of its levels.

You collected 54 gold pieces.

Inventory:

Missiles
 a - 12 arrows
Scrolls
 e - a scroll of fear {unknown}
 g - a scroll of identify {unknown}
Potions
 d - a potion of heal wounds {unknown}
Books
 b - a book of Changes

   Spells                             Type                      Level
   a - Beastly Appendage              Transmutation                1
   b - Sticks to Snakes               Transmutation                2
   c - Spider Form                    Transmutation/Poison         3
   d - Ice Form                       Ice/Transmutation            4
   e - Blade Hands                    Transmutation                5
Comestibles
 c - a meat ration


   Skills:
 + Level 1.1 Fighting
 + Level 3.0 Dodging
 + Level 0.4 Stealth
 * Level 3.5 Unarmed Combat
 - Level 2.0 Spellcasting
 * Level 2.7 Transmutations


You had 2 spell levels left.
You knew the following spells:

 Your Spells              Type           Power        Failure   Level  Hunger
a - Beastly Appendage     Tmut           #.....       8%          1    ##.....
b - Sticks to Snakes      Tmut           #.......     12%         2    ###....


Dungeon Overview and Level Annotations

Branches:
Dungeon (2/15)

Altars:

Annotations:
D:1 exclusion: gnoll


Innate Abilities, Weirdness & Mutations

You cannot wear armour.
You are incapable of wielding weapons or throwing items.
Your paws allow you to move quietly. (Stealth)
You have sharp claws.
You have razor-sharp teeth.
You have supernaturally acute eyesight. (SInv)
You are carnivorous and can eat meat at any time.
You cover ground quickly.
You are covered in fur. (AC +1)
You have a slow metabolism.
Your sharp claws are effective at attacking unaware monsters.
You have a pair of horns on your head.


Message History

Magic restored.
You start resting.
You feel sick.
Your horns disappear.
You start resting.
You feel sick. x3
You are no longer poisoned.
You start resting.
Some of the chunks of flesh in your inventory have rotted away.
All of the chunks of flesh in your inventory have rotted away.
HP restored.
You now have 54 gold pieces (gained 6).
A worm comes into view.
Casting: Beastly Appendage
Confirm with . or Enter, or press ? or * to list all spells.
You grow a pair of large bovine horns.
You scratch the worm.
The worm is moderately wounded.
The worm bites you!
Ouch! That really hurt!
You die...

.... ...## ##....
.....#. #
.....[........
#.##...##.......##
................#
#.w.##.......##
#.##..@##.........
#......##..#...###
...##..............
# #.$###.<...##
..........#.##
####..###.#...# #..
#.....#
#........#.#
##.#######.#


You could see a worm.

Vanquished Creatures
  An adder (D:2)
  3 bats (D:1)
  A giant cockroach (D:1)
  2 hobgoblins (D:1)
  A kobold (D:1)
  A frilled lizard (D:1)
  3 goblins (D:1)
  A rat (D:1)
13 creatures vanquished.

Notes
Turn   | Place    | Note
-------+----------+-------------------------------------------
     0 | D:1      | renl the Felid Transmuter began the quest for the Orb.
     0 | D:1      | Reached XP level 1. HP: 9/9 MP: 4/4
   232 | D:1      | Reached XP level 2. HP: 11/12 MP: 6/6
   254 | D:1      | Learned a level 2 spell: Sticks to Snakes
   942 | D:2      | Slain by a worm

Skill      XL: |  1  2 |
---------------+-------+-----
Dodging        | 3 |  3.0
Fighting       | |  1.1
Stealth        | |  0.4
Unarmed Combat | |  3.5
Spellcasting   | |  2.0
Transmutations | |  2.7

Action                   || total
-------------------------++-------
Melee: Unarmed           ||    50
       Headbutt          ||     3
       Bite              ||     1
 Cast: Beastly Appendage ||     5
 Stab: Sleeping          ||     2
  Eat: Chunk             ||     7
Armor: Skin              ||     3
Dodge: Dodged            ||    41
